 Dungeon Crawl Stone Soup version 0.18.1-48-g4cf74bf (webtiles) character file.

110 zeroDi the Sneak (level 4, -7/23 HPs)
             Began as a Vine Stalker Assassin on June 4, 2016.
             Was an Initiate of Okawaru.
             Killed by divine providence
             ... invoked by an orc priest
              (10 damage)
             ... on level 3 of the Dungeon on July 5, 2016.
             The game lasted 00:07:06 (2680 turns).

zeroDi the Sneak (Vine Stalker Assassin)            Turns: 2680, Time: 00:07:06

Health: -7/23      AC:  3    Str: 13    XL:     4   Next: 91%
Magic:  0/5        EV: 11    Int: 11    God:    Okawaru [......]
Gold:   119        SH:  0    Dex: 17    Spells: 0 memorised, 3 levels left

rFire  . . .     SeeInvis .     a - +1 dagger (freeze)
rCold  . . .     Gourm    .     c - +0 robe
rNeg   . . .     Faith    .     (no shield)
rPois  .         Spirit   +     (no helmet)
rElec  .         Dismiss  .     d - +0 cloak
rCorr  .         Reflect  .     (no gloves)
SustAt .         Harm     .     (no boots)
MR     .....                    (no amulet)
Stlth  +++.......               (no ring)
                                (no ring)

@: not resistant to hostile enchantments, fairly stealthy
A: fangs 2, regeneration 1, magic shield, antimagic bite, no device heal 3, rot
immunity
a: Renounce Religion


You were on level 3 of the Dungeon.
You worshipped Okawaru.
Okawaru was noncommittal.
You were not hungry.

You visited 1 branch of the dungeon, and saw 3 of its levels.

You collected 119 gold pieces.


Innate Abilities, Weirdness & Mutations

You have extremely sharp teeth.
Your natural rate of healing is unusually fast.
When hurt, damage is shared between your health and your magic reserves.
Your bite disrupts and absorbs the magic of your enemies.
Potions and wands cannot restore your health.
You are immune to rotting.


   Skills:
 - Level 1.7 Fighting
 + Level 4.4 Short Blades
 - Level 1.7 Throwing
 - Level 0.7 Dodging
 - Level 4.8 Stealth


You had 3 spell levels left.
You didn't know any spells.

Inventory:

Hand Weapons
 a - a +1 dagger of freezing (weapon)
 b - a +0 blowgun
 D - a +2 dagger
Missiles
 e - 22 poisoned needles
 f - 2 curare-tipped needles {=f}
 k - 55 stones (quivered)
 m - 2 javelins
Armour
 c - a +0 robe (worn)
 d - a +0 cloak (worn)
Jewellery
 h - an uncursed ring of stealth {unknown}
 p - a cursed -3 ring of slaying {unknown}
Scrolls
 n - 3 scrolls of remove curse {unknown}
 o - a scroll of teleportation {unknown}
 q - a scroll of random uselessness {unknown}
 s - a scroll of recharging {unknown}
 v - a scroll of blinking {unknown}
 w - 3 scrolls of identify {unknown}
 y - a scroll of fog {unknown}
Potions
 i - 3 potions of curing {unknown}
 j - 2 potions of cure mutation {unknown}
 l - a potion of lignification {unknown}
 r - a potion of ambrosia {unknown}
 t - a potion of beneficial mutation {unknown}
 x - 2 potions of haste {unknown}
 z - a potion of invisibility {unknown}
 B - a potion of agility {unknown}
Comestibles
 g - 3 bread rations
 u - 3 slices of pizza
 A - a beef jerky
 C - 10 chunks of flesh

Dungeon Overview and Level Annotations

Branches:
Dungeon (3/15)

Altars:
Ashenzari
Cheibriados
Fedhas
Kikubaaqudgha
Okawaru
Xom
Zin

################....##รท........#
#....##._..8.._.##
#....##...........
#....###._..._....
#....###..........
#.................
#######.##..............
#..................#.....
#.######@##........#.....
#......#.####.#######....
#....o.o..# #.# #####
#.#.......<##.# #.........###.#
###(..........# #.......##### ###
#.......# ##. #.......# p#.


You could see an orc priest.


Message History

The orc priest is severely wounded.
The orc barely misses you. The orc priest barely misses you.
The orc hits you with a club.
You hit the orc priest. You freeze the orc priest.
The orc priest is severely wounded.
The orc closely misses you. The orc hits you but does no damage.
You hit the orc priest but do no damage.
The orc priest is severely wounded.
The orc priest hits you but does no damage.
You hit the orc priest but do no damage.
Your bite misses the orc priest.
The orc priest is severely wounded.
The orc barely misses you. The orc hits you with a club.
* * * LOW HITPOINT WARNING * * *
The orc priest hits you with a flail!
* * * LOW HITPOINT WARNING * * *
The orc barely misses you.
The orc priest mumbles some strange prayers to Beogh against you.
Beogh smites you!
You die...

Action                   |  1- 3 |  4- 6 || total
-------------------------+-------+-------++-------
Melee: Dagger            |   115 |   123 ||   238
       Bite              |    27 |    33 ||    60
Throw: Stone             |       |     1 ||     1
 Stab: Sleeping          |    11 |     6 ||    17
  Eat: Chunk             |     2 |     4 ||     6
Armor: Robe              |    41 |    23 ||    64
Dodge: Dodged            |    69 |    62 ||   131

Vault maps used:
D:1:      sevenhm_arrival_forest_fort_large_4, st_stairs_1, ashenzari_altar_1
D:2:      first_bread, minmay_goblin_kobold_house
D:3:      lemuel_coloured_pillars_altar, grunt_temple_overflow_open,
          tgw_kikubaaqudgha

Notes
Turn   | Place    | Note
--------------------------------------------------------------
     0 | D:1      | zeroDi the Vine Stalker Assassin began the quest for the Orb.
     0 | D:1      | Reached XP level 1. HP: 11/11 MP: 2/2
    66 | D:1      | Upgraded the game from 0.18.1-8-gdd0e5ea to 0.18.1-48-g4cf74bf
    67 | D:1      | Reached skill level 2 in Short Blades
   103 | D:1      | Reached XP level 2. HP: 15/15 MP: 3/3
   269 | D:1      | Reached skill level 3 in Short Blades
   305 | D:1      | Reached XP level 3. HP: 18/18 MP: 4/4
   372 | D:1      | Found a shattered altar of Ashenzari.
  1413 | D:2      | Reached XP level 4. HP: 15/23 MP: 5/5
  1735 | D:2      | Reached skill level 4 in Short Blades
  2242 | D:3      | Found a blossoming altar of Fedhas.
  2402 | D:3      | Found an ancient bone altar of Kikubaaqudgha.
  2402 | D:3      | Found a shimmering altar of Xom.
  2403 | D:3      | Found a glowing silver altar of Zin.
  2403 | D:3      | Found an iron altar of Okawaru.
  2403 | D:3      | Found a snail-covered altar of Cheibriados.
  2424 | D:3      | Became a worshipper of Warmaster Okawaru
  2449 | D:3      | Found an ancient bone altar of Kikubaaqudgha.
  2623 | D:3      | Noticed a human
  2624 | D:3      | Killed a human
  2676 | D:3      | HP: 2/23 [orc priest/flail (8)]
  2680 | D:3      | Killed from afar by an orc priest

Vanquished Creatures
  An ooze (D:1)
  2 worms
  3 dart slugs
  A giant gecko (D:3)
  3 orcs (D:3)
  2 giant cockroaches (D:1)
  13 hobgoblins
  13 jackals
  2 quokkas
  2 ball pythons
  8 bats
  3 giant newts
  13 goblins
  11 kobolds
  6 rats
83 creatures vanquished.

Vanquished Creatures (others)
  A human (D:3)
1 creature vanquished.

Grand Total: 84 creatures vanquished
